 Dungeon Crawl Stone Soup version 0.27.1-33-g824d729ab1 (webtiles) character file.

Game seed: 12223862517472505289

356 zeram the Spear-Bearer (level 6, -1/44 HPs)
             Began as a Merfolk Gladiator on Dec 28, 2021.
             Slain by Grinder (5 damage)
             ... while paralysed by Grinder
             ... on level 4 of the Dungeon.
             The game lasted 00:05:24 (4050 turns).

zeram the Spear-Bearer (Merfolk Gladiator)          Turns: 4050, Time: 00:05:25

Health: -1/44      AC:  5    Str: 14    XL:     6   Next: 63%
Magic:  6/6        EV:  2    Int: 10    God:
Gold:   134        SH:  0    Dex: 15    Spells: 5/5 levels left

rFire    . . .     SeeInvis .   a - +0 trident
rCold    . . .     Faith    .   (no shield)
rNeg     + . .     Spirit   .   b - +0 leather armour
rPois    .         Reflect  .   c - +1 helmet
rElec    .         Harm     .   (no cloak)
rCorr    .         Rampage  .   (no gloves)
Will     .....                  (no boots)
Stlth    +.........             (no amulet)
HPRegen  0.14/turn              h - ring of positive energy
MPRegen  0.10/turn              (no ring)

@: paralysed, mighty
A: (nimble swimmer 2), mertail
a: no special abilities


You were on level 4 of the Dungeon.
You visited 1 branch of the dungeon, and saw 4 of its levels.

You collected 134 gold pieces.

Inventory:

Hand Weapons
 a - a +0 trident (weapon)
 g - a +2 vorpal war axe
Missiles
 d - 4 throwing nets (quivered)
Armour
 b - a +0 leather armour (worn)
 c - a +1 helmet (worn)
Jewellery
 h - a ring of positive energy (left hand)
Scrolls
 e - a scroll of fear
Potions
 f - 3 potions of attraction
 i - a potion of heal wounds
 l - 2 potions of degeneration
 m - 2 potions of curing {unknown}


   Skills:
 - Level 2.1 Fighting
 + Level 9.0 Polearms
 - Level 2.0 Throwing
 + Level 6.1 Dodging


You had 5 spell levels left.
You didn't know any spells.
Your spell library contained the following spells:

 Spells                   Type           Power      Damage    Failure   Level
 Ignite Poison            Fire/Tmut/Pois 0%         N/A       82%         3
 Mephitic Cloud           Conj/Pois/Air  0%         N/A       82%         3
 Bolt of Magma            Conj/Fire/Erth 0%         4d4       100%        5


Dungeon Overview and Level Annotations

Branches:
Dungeon (4/15)
 Temple: D:4-7

Altars:
Qazlal

Shops:
D:1 *

Annotations:
D:4 Grinder


Innate Abilities, Weirdness & Mutations

((You are quick and stealthy near water. (Stealth+, EV+, Speed+++)))
Your lower body shifts to a powerful aquatic tail in water.


Message History

Grinder hits you but does no damage.
Grinder is no longer moving quickly.
Grinder gestures at you.
You are unaffected.
Grinder says, "There's only one good use for a tongue: cutting it out."
Grinder hits you.
You writhe in agony.
You can move again.
It was a potion of might.
You feel very mighty all of a sudden. Grinder gestures at you.
Pain shoots through your body!
You hit Grinder but do no damage.
Grinder is lightly wounded.
You hit Grinder but do no damage.
Grinder is lightly wounded.
Grinder closely misses you.
You hit Grinder.
Grinder is moderately wounded.
Grinder says, "DUCK!"
Grinder closely misses you.
You closely miss Grinder.
Grinder is moderately wounded.
Grinder drinks a potion.
Grinder seems to speed up.
You completely miss Grinder.
Grinder is moderately wounded.
Grinder gestures at you.
You suddenly lose the ability to move!
Grinder hits you.
* * * LOW HITPOINT WARNING * * *
You writhe in agony.
* * * LOW HITPOINT WARNING * * *
Grinder gestures at you. You resist with significant effort. Grinder hits you.
* * * LOW HITPOINT WARNING * * *
You writhe in agony.
* * * LOW HITPOINT WARNING * * *
Grinder blinks!
Grinder hits you.
You die...

#......†............(
...........#.................
..#....####.................
..#...###.#....#.#..........
..........5..######..........
..##.#...###.#......#....)...
. ####.....#...#....##.......
..###........##.....#.....#
.........@5...............
.##.....###................
...##.#####....#..........∩
..............###..)†....).
........####..####.......##
.........# #............##
.........####......).##...#
#........#..........####...
)....................# ##..


You could see Grinder (fast).

Vanquished Creatures
  A sky beast (D:3)
  2 hounds (D:4)
  Natasha (twice) (D:3)
  3 gnolls (D:2)
  4 adders
  An ufetubus (D:4)
  2 worms (D:2)
  3 orcs
  7 endoplasms
  2 giant cockroaches
  6 goblins
  8 hobgoblins
  3 jackals (D:2)
  8 kobolds
  4 quokkas
  5 ball pythons
  4 bats
  2 frilled lizards
  12 rats
79 creatures vanquished.

Notes
Turn   | Place    | Note
-------+----------+-------------------------------------------
     0 | D:1      | zeram the Merfolk Gladiator began the quest for the Orb.
     0 | D:1      | Reached XP level 1. HP: 16/16 MP: 1/1
     1 | D:1      | Found Duacugaa's Assorted Antiques.
   378 | D:1      | Reached XP level 2. HP: 22/22 MP: 2/2
   416 | D:1      | Reached skill level 5 in Polearms
   609 | D:1      | You fall into a shaft and drop 1 floor!
   609 | D:2      | Found a faded altar of an unknown god.
   616 | D:2      | Reached XP level 3. HP: 26/27 MP: 3/3
   792 | D:2      | Found a stormy altar of Qazlal.
  1321 | D:2      | Reached skill level 6 in Polearms
  1488 | D:2      | Reached XP level 4. HP: 18/33 MP: 4/4
  1496 | D:2      | Reached skill level 5 in Dodging
  2692 | D:3      | Reached skill level 7 in Polearms
  2744 | D:3      | Reached XP level 5. HP: 38/38 MP: 5/5
  2764 | D:3      | Noticed Natasha
  2775 | D:3      | Killed Natasha
  3082 | D:3      | Noticed Natasha
  3096 | D:3      | Killed Natasha
  3413 | D:4      | Reached skill level 8 in Polearms
  3536 | D:4      | Noticed a sky beast
  3575 | D:3      | Killed a sky beast
  3576 | D:3      | Reached XP level 6. HP: 7/44 MP: 6/6
  3905 | D:4      | Reached skill level 9 in Polearms
  4002 | D:4      | Noticed Grinder
  4012 | D:4      | Paralysed by Grinder for 2 turns
  4035 | D:4      | Paralysed by Grinder for 5 turns
  4045 | D:4      | Paralysed by Grinder for 7 turns
  4050 | D:4      | Slain by Grinder

Illustrated notes

Levels and vault maps discovered:
D:1:      wander_arrival_peaceful_grave, layout_loops_ring, serial_shops,
          nicolae_shop_statue_plus, serial_bayou_pond_a, grunt_decor_resistance,
          minmay_misc_feat_enclosed
D:2:      layout_basic, hellmonk_ecumenical_altar_lost_god, basic_altar
D:3:      layout_basic, uniq_natasha
D:4:      layout_cave_pools, lightli_sewer_entry_pipes, kennysheep_nub,
          abandoned_shop, uniq_grinder

Skill      XL: |  1  2  3  4  5  6 |
---------------+-------------------+-----
Polearms       | 5 6 7 8 9 |  9.0
Dodging        | 5 6 |  6.1
Fighting       | |  2.1
Throwing       | |  2.0

Action                   |  1- 3 |  4- 6 || total
-------------------------+-------+-------++-------
Melee: Trident           |   131 |   196 ||   327
  Use: Scroll            |       |     8 ||     8
       Potion            |       |     4 ||     4
 Stab: Sleeping          |     7 |     2 ||     9
Armor: Leather armour    |    22 |    36 ||    58
Dodge: Dodged            |    55 |   114 ||   169
